 Dungeon Crawl Stone Soup version 0.21.1-72-gffa868e (webtiles) character file.

112 Madoushi the Skirmisher (level 4, -4/41 HPs)
             Began as a Minotaur Berserker on Aug 3, 2018.
             Was a Believer of Trog.
             Shot with an arrow by a centaur (5 damage)
             ... on level 3 of the Dungeon.
             The game lasted 00:06:06 (2004 turns).

Madoushi the Skirmisher (Minotaur Berserker)        Turns: 2004, Time: 00:06:07

Health: -4/41      AC:  8    Str: 23    XL:     4   Next: 63%
Magic:  3/3        EV:  9    Int:  4    God:    Trog [**....]
Gold:   41         SH:  7    Dex:  9    Spells: 3/3 levels left

rFire    . . .     SeeInvis .   a - +0 hand axe
rCold    . . .     Gourm    .   l - +0 shield
rNeg     . . .     Faith    .   i - +3 ring mail
rPois    .         Spirit   .   (helmet restricted)
rElec    .         Reflect  .   (no cloak)
rCorr    .         Harm     .   (no gloves)
MR       .....                  (no boots)
Stlth    ..........             (no amulet)
HPRegen  0.13/turn              h - ring of flight
MPRegen  0.08/turn              (no ring)

@: no status effects
A: retaliatory headbutt, horns 2
a: Berserk, Trog's Hand, Burn Spellbooks, Renounce Religion, Evoke Flight


You were on level 3 of the Dungeon.
You worshipped Trog.
Trog was pleased with you.
You were not hungry.

You visited 1 branch of the dungeon, and saw 3 of its levels.

You collected 41 gold pieces.

Inventory:

Hand Weapons
 a - a +0 hand axe (weapon)
 d - a +0 war axe
 n - a +0 spear
Armour
 b - a +0 animal skin
 f - a +0 leather armour
 i - a +3 ring mail (worn)
 j - a +0 plate armour
 l - a +0 shield (worn)
 o - a +0 scale mail
Jewellery
 h - a ring of flight (left hand)
Scrolls
 k - a scroll of remove curse {unknown}
 m - a scroll of teleportation {unknown}
Potions
 e - a potion of might {unknown}
 g - a potion of mutation
Comestibles
 c - 3 rations
 p - 3 chunks of flesh


   Skills:
 + Level 4.5 Fighting
 + Level 4.5 Axes
 + Level 3.6 Armour
 + Level 3.3 Dodging


You had 3 spell levels left.
You didn't know any spells.

Dungeon Overview and Level Annotations

Branches:
Dungeon (3/15)

Altars:


Innate Abilities, Weirdness & Mutations

You reflexively headbutt those who attack you in melee.
You have a pair of horns on your head.


Message History

The arrow barely misses you.
You see here an arrow.
The centaur shoots an arrow.
The arrow hits you.
You see here an arrow.
The centaur shoots an arrow.
The arrow hits you!
* * * LOW HITPOINT WARNING * * *
You see here an arrow.
The centaur shoots an arrow.
You block the arrow.
The centaur shoots an arrow.
The arrow barely misses you.
You see here 2 arrows.
The centaur shoots an arrow.
The arrow hits you.
* * * LOW HITPOINT WARNING * * *
You see here 2 arrows.
The centaur shoots an arrow.
The arrow hits you.
* * * LOW HITPOINT WARNING * * *
You see here 2 arrows.
The centaur shoots an arrow.
The arrow hits you but does no damage.
You see here an arrow.
The centaur shoots an arrow.
The arrow hits you.
You die...

#.###......... ....#
#.#.......#.###.#..........
#.####..........#..........
#...........<# #..........
######'#.##..####..c.......
#......................
#......................
#...####......$........
#....((.(.@(((((...#
########)..........#
##...((.....# #..........#
#..........# #..........#
#..........# ############


You could see a centaur.

Vanquished Creatures
  The ghost of dscm the Grave Robber, a weakling DsNe (D:3)
  4 adders (D:2)
  4 dart slugs
  A leopard gecko (D:2)
  An orc (D:3)
  4 bats (D:2)
  A giant cockroach (D:2)
  2 goblins
  5 hobgoblins
  14 jackals
  A quokka (D:2)
  2 ball pythons (D:1)
  2 frilled lizards
  3 kobolds
  6 rats
51 creatures vanquished.

Notes
Turn   | Place    | Note
-------+----------+-------------------------------------------
     0 | D:1      | Madoushi the Minotaur Berserker began the quest for the Orb.
     0 | D:1      | Reached XP level 1. HP: 19/19 MP: 0/0
   160 | D:1      | Reached XP level 2. HP: 21/27 MP: 1/1
   892 | D:2      | Reached XP level 3. HP: 33/33 MP: 2/2
   999 | D:2      | Reached ** piety under Trog
  1384 | D:2      | Reached XP level 4. HP: 38/41 MP: 3/3
  1823 | D:3      | Noticed dscm's ghost (weakling DsNe)
  1829 | D:3      | Killed dscm's ghost
  1994 | D:3      | Noticed a centaur
  2002 | D:3      | HP: 1/41 [centaur/arrow (4)]
  2004 | D:3      | Shot with an arrow by a centaur

Skill      XL: |  1  2  3 |
---------------+----------+-----
Axes           | 4 |  4.5
Fighting       | 4 |  4.5
Armour         | 3 |  3.6
Dodging        | 3 |  3.3

Action                   |  1- 3 |  4- 6 || total
-------------------------+-------+-------++-------
Melee: Hand axe          |    93 |    20 ||   113
       Headbutt          |    13 |     3 ||    16
  Use: Scroll            |     6 |       ||     6
  Eat: Chunk             |     1 |     2 ||     3
Armor: Animal skin       |    10 |       ||    10
       Ring mail         |    39 |    10 ||    49
Dodge: Dodged            |    60 |     7 ||    67
Block: Shield            |     3 |     5 ||     8
